 Dungeon Crawl Stone Soup version 0.22-a0-443-g17c3723 (webtiles) character file.

43918 Ijustatesigmund the Warrior (level 14, -5/163 HPs)
             Began as an Ogre Hunter on May 31, 2018.
             Was a Priest of the Shining One.
             Slain by an elephant (12 damage)
             ... on level 6 of the Lair of Beasts.
             The game lasted 00:55:57 (24819 turns).

Ijustatesigmund the Warrior (Ogre Hunter)          Turns: 24819, Time: 00:55:58

Health: -5/163     AC: 10    Str: 19    XL:     14   Next: 26%
Magic:  21/21      EV: 13    Int: 15    God:    the Shining One [***...]
Gold:   931        SH:  0    Dex: 13    Spells: 11/13 levels left

rFire    + . .     SeeInvis .   a - +2 giant spiked club
rCold    + + .     Gourm    .   (shield currently unavailable)
rNeg     + . .     Faith    .   b - +2 robe {rC+ rF+}
rPois    .         Spirit   .   B - +2 hat {Int+3}
rElec    .         Reflect  .   l - +2 cloak
rCorr    .         Harm     .   (gloves unavailable)
MR       +++..     Clarity  +   (boots unavailable)
Stlth    +.........             (no amulet)
HPRegen  0.37/turn              r - ring of protection from magic
MPRegen  0.17/turn              z - ring of protection from cold

@: lethally poisoned (-5 -> -7), berserk cooldown, slowed, glowing, very slow
A: large, unfitting armour, clarity, low mp 1, magic resistance 1, screaming 1,
tough skin 1
a: Divine Shield, Renounce Religion


You were on level 6 of the Lair of Beasts.
You worshipped the Shining One.
The Shining One was most pleased with you.
You were not hungry.

You visited 2 branches of the dungeon, and saw 17 of its levels.
You also visited: Labyrinth.

You collected 1044 gold pieces.
You spent 113 gold pieces at shops.

Inventory:

Hand Weapons
 a - a +2 giant spiked club (weapon)
Missiles
 c - 14 javelins of penetration
 w - a throwing net
 y - 7 large rocks (quivered)
Armour
 b - a +2 robe of resistance (worn)
 l - a +2 cloak (worn)
 B - a +2 hat of intelligence (worn)
 J - a +0 robe of the Archmagi
Jewellery
 e - an uncursed ring of wizardry
 g - an uncursed ring of wizardry
 n - an uncursed ring of fire
 r - a ring of protection from magic (left hand)
 z - a ring of protection from cold (right hand)
Wands
 d - a wand of digging (7)
 j - a wand of disintegration (8)
 s - a wand of enslavement (13)
 v - a wand of flame (42)
 x - a wand of scattershot (2)
 A - a wand of acid (3)
 H - a wand of paralysis (10)
Scrolls
 h - a scroll of blinking
 k - 2 scrolls of amnesia
 o - 2 scrolls of immolation
 q - 13 scrolls of identify
 t - a scroll of magic mapping
 u - 7 scrolls of remove curse
 D - a scroll of noise {unknown}
 E - a scroll of holy word {unknown}
 F - 2 scrolls of enchant armour
 K - a scroll of teleportation
Potions
 i - 6 potions of flight
 m - 3 potions of lignification
 p - 3 potions of cancellation
 C - 2 potions of brilliance
 I - a potion of degeneration {unknown}
 L - 3 potions of heal wounds {unknown}
Comestibles
 f - 19 rations
 M - 3 chunks of flesh


   Skills:
 - Level 16.5 Fighting
 + Level 11.5 Maces & Flails
 + Level 5.5 Throwing
 - Level 7.0 Dodging
 - Level 0.6 Stealth
 - Level 3.0 Summonings
 - Level 3.0 Translocations
 - Level 13.8 Invocations


You had 11 spell levels left.
You knew the following spells:

 Your Spells              Type           Power        Failure   Level  Hunger
a - Apportation           Tloc           #.....       8%          1    ##.....
b - Summon Butterflies    Summ           #.......     8%          1    ##.....

Your spell library contained the following spells:

 Spells                   Type           Power        Failure   Level  Hunger
 Cause Fear               Hex            #.........   95%         4    #####..
 Slow                     Hex            #.......     38%         2    ###....
 Mephitic Cloud           Conj/Pois/Air  #.......     63%         3    ####...
 Venom Bolt               Conj/Pois      #.........   100%        5    ######.
 Olgreb's Toxic Radiance  Pois           #.......     95%         4    #####..
 Summon Small Mammal      Summ           #...         8%          1    ##.....
 Animate Skeleton         Necr           N/A          26%         1    ##.....
 Summon Ice Beast         Ice/Summ       #.......     82%         4    #####..
 Sting                    Conj/Pois      #...         26%         1    ##.....
 Corpse Rot               Necr           N/A          38%         2    ###....
 Stone Arrow              Conj/Erth      #.....       63%         3    ####...
 Deflect Missiles         Chrm/Air       #.........   100%        6    #######
 Confusing Touch          Hex            #.....       26%         1    ##.....
 Passwall                 Tmut/Erth      #.......     38%         2    ###....
 Call Canine Familiar     Summ           #.......     24%         3    ####...
 Silence                  Hex/Air        #.........   100%        5    ######.
 Corona                   Hex            #......      26%         1    ##.....
 Lee's Rapid Deconstruct  Erth           #.........   100%        5    ######.
 Sandblast                Erth           #.....       26%         1    ##.....
 Portal Projectile        Hex/Tloc       #.....       41%         3    ####...
 Petrify                  Tmut/Erth      #.......     95%         4    #####..
 Leda's Liquefaction      Hex/Erth       #.........   95%         4    #####..
 Summon Hydra             Summ           #.........   100%        7    #######
 Inner Flame              Hex/Fire       #.......     63%         3    ####...
 Discord                  Hex            #.........   100%        8    #######
 Summon Forest            Summ/Tloc      #.........   91%         5    ######.
 Summon Mana Viper        Hex/Summ       #.......     99%         5    ######.
 Hydra Form               Tmut           #.........   100%        6    #######
 Yara's Violent Unravell  Hex/Tmut       #.........   100%        5    ######.
 Poisonous Vapours        Pois/Air       #.....       38%         2    ###....


Dungeon Overview and Level Annotations

Branches:
Dungeon (11/15)            Temple (0/1) D:7            Lair (6/6) D:8
 Shoals (0/4) Lair:2        Snake (0/4) Lair:4        Slime (0/5) Lair:6
    Orc (0/2) D:11

Altars:
Elyvilon
Fedhas
Hepliaklqana
Kikubaaqudgha
Ru
Sif Muna
Trog
Vehumet
Xom
Zin
The Shining One

Shops:
D:9 *


Innate Abilities, Weirdness & Mutations

You are too large for most types of armour.
You have tough skin. (AC +1)
You possess an exceptional clarity of mind.
Your magical capacity is low. (-10% MP)
You are resistant to hostile enchantments. (MR+)
You occasionally shout uncontrollably at your foes.


Message History

A manticore comes into view.
A merfolk avatar comes into view.
You are no longer berserk.
You are exhausted.
You feel yourself slow down.
The merfolk avatar shouts!
You hear an angry growl.
Unknown command.
You completely miss the elephant.
You feel sick. The elephant tramples you.
* * * LOW HITPOINT WARNING * * *
You stumble backwards!
You completely miss the elephant.
You feel sick. The elephant tramples you!
* * * LOW HITPOINT WARNING * * *
You hold your ground!
The elephant trunk-slaps you but does no damage.
The merfolk avatar chants a haunting song.
You are unaffected.
The elephant tramples you! The Shining One protects you from harm!
You hold your ground!
The elephant barely misses you.
You feel sick. The elephant tramples you!
You die...

......≈≈≈≈*,≈≈≈≈≈P≈≈≈≈8*≈≈≈≈≈,,,,
.......#≈≈*≈≈≈≈≈.8≈≈≈≈≈*≈≈**,,,,,
.....≈.#≈≈#≈≈≈≈m≈P≈≈≈≈≈*≈≈**≈,,,,
.....≈≈≈≈≈#.≈###≈≈..,≈##≈≈≈≈,,,,,
.....≈≈≈≈≈≈≈≈≈≈≈≈≈≈≈≈≈≈≈≈≈≈≈,,,,,
......##≈≈.#≈≈##≈≈#*≈≈##≈≈**≈,,,,
.....P##≈≈#.≈≈##≈≈##≈≈.#≈≈,*,,,,,
.....≈..≈...≈≈.≈.Y.≈≈.≈.≈,,,≈,,,,
...((...........@H.......,,,,,,,,
...............†.........,,,,,,,,
...............†.........,,,,,,,,
.........................,,,,,,,,
.........................,,,,,,,,
....P##.#.P.P###..##.#.#.*,,**,,*
###########.## ####*####*,*******
### ***


You could see a merfolk avatar, an elephant and a manticore.

Vanquished Creatures
  Gastronok (Lair:1)
  Kirke (Lair:4)
  A minotaur (Lab)
  Josephine (Lair:4)
  4 hydras
  Erica (D:8)
  3 two-headed ogres
  A death yak (Lair:4)
  Urug (D:10)
  A harpy (Lair:6)
  Pikel (D:8)
  The ghost of Zorot the Grappler, a novice VSGl of Cheibriados (D:7)
  A wolf spider zombie (D:11)
  An ugly thing (D:11)
  A cyclops (D:10)
  A deep elf mage (D:11)
  13 elephants
  A black mamba (Lair:2)
  A gargoyle (D:10)
  8 spiny frogs
  A rime drake (Lair:3)
  6 komodo dragons (Lair:3)
  A queen bee (Lair:3)
  A troll (D:8)
  A polar bear (Lair:6)
  A hornet (Lair:6)
  3 blink frogs (Lair:3)
  A snapping turtle (Lair:2)
  4 hippogriffs
  A redback (Lab)
  5 wyverns
  32 yaks
  3 wraiths (Lair:4)
  4 basilisks
  Sigmund (D:6)
  The ghost of Pawles22 the Skirmisher, an amateur FoAK of Lugonu (D:4)
  A hog (Lair:4)
  6 hungry ghosts
  Menkaure (D:6)
  3 nagas (Lair:4)
  7 porcupines
  10 water moccasins
  2 sky beasts
  5 orc warriors
  A slave (D:8)
  4 black bears
  10 ogres
  A phantom (D:7)
  An ice beast (D:10)
  7 wolves
  11 crocodiles
  2 centaurs
  A big kobold (D:8)
  7 bullfrogs
  2 scorpions
  30 killer bees
  8 howler monkeys
  12 wights
  9 electric eels
  2 crimson imps
  2 bullfrog zombies
  2 centaur zombies
  A jelly (D:10)
  11 hounds
  5 orc priests
  A centaur skeleton (D:8)
  11 orc wizards
  5 bullfrog skeletons
  4 iguanas
  9 worker ants
  A hound skeleton (D:6)
  A worker ant zombie (D:5)
  8 gnolls
  8 adders
  A river rat (Lair:3)
  3 shadow imps
  An ooze (D:3)
  A worm (D:3)
  An adder skeleton (D:8)
  4 dart slugs (D:1)
  9 leopard geckos
  38 orcs
  2 ball pythons
  3 giant cockroaches
  8 goblins
  11 hobgoblins
  17 jackals
  2 quokkas
  5 bats
  2 frilled lizards (D:3)
  12 kobolds
  A quokka skeleton (D:5)
  A quokka zombie (D:10)
  6 rats
  2 plants
452 creatures vanquished.

Vanquished Creatures (others)
  2 fungi (Lair:3)
2 creatures vanquished.

Grand Total: 454 creatures vanquished

Notes
Turn   | Place    | Note
-------+----------+-------------------------------------------
     0 | D:1      | Ijustatesigmund the Ogre Hunter began the quest for the Orb.
     0 | D:1      | Reached XP level 1. HP: 22/22 MP: 1/1
    34 | D:1      | Reached skill level 3 in Fighting
   292 | D:1      | Reached XP level 2. HP: 31/31 MP: 2/2
   640 | D:1      | Reached skill level 4 in Fighting
   654 | D:1      | Reached skill level 1 in Maces & Flails
   654 | D:1      | Reached XP level 3. HP: 13/39 MP: 3/3
  1437 | D:2      | Found a blossoming altar of Fedhas.
  1878 | D:2      | Found an ancient bone altar of Kikubaaqudgha.
  2094 | D:2      | Found a sacrificial altar of Ru.
  2101 | D:2      | Reached XP level 4. HP: 46/49 MP: 4/4
  3085 | D:3      | Found a white marble altar of Elyvilon.
  3245 | D:3      | Reached skill level 5 in Fighting
  3583 | D:3      | Found a bloodstained altar of Trog.
  3897 | D:3      | Found a glowing golden altar of the Shining One.
  3898 | D:3      | Found a glowing silver altar of Zin.
  3904 | D:3      | Became a worshipper of the Shining One
  4106 | D:4      | Reached XP level 5. HP: 57/57 MP: 5/5
  4547 | D:4      | Reached XP level 6. HP: 67/67 MP: 6/6
  4572 | D:4      | Reached skill level 6 in Fighting
  4684 | D:4      | Noticed Pawles22's ghost (amateur FoAK)
  4966 | D:4      | Found a deep blue altar of Sif Muna.
  5344 | D:4      | Killed Pawles22's ghost
  5344 | D:4      | Reached XP level 7. HP: 57/76 MP: 7/7
  5489 | D:5      | Entered Level 5 of the Dungeon
  5512 | D:5      | Reached skill level 7 in Fighting
  5645 | D:5      | Reached skill level 5 in Maces & Flails
  5669 | D:5      | Reached * piety under the Shining One
  5706 | D:5      | Reached XP level 8. HP: 83/88 MP: 8/8
  6036 | D:6      | Reached skill level 8 in Fighting
  6171 | D:6      | Noticed Menkaure
  6177 | D:6      | Killed Menkaure
  6714 | D:6      | Noticed Sigmund
  6722 | D:6      | Killed Sigmund
  7044 | D:6      | Reached skill level 9 in Fighting
  7105 | D:6      | Found a radiant altar of Vehumet.
  7106 | D:6      | Found a shimmering altar of Xom.
  7108 | D:6      | Reached XP level 9. HP: 85/98 MP: 9/9
  8077 | D:7      | Noticed Zorot's ghost (novice VSGl)
  8090 | D:7      | Killed Zorot's ghost
  8090 | D:7      | Reached skill level 10 in Fighting
  8468 | D:7      | Found a staircase to the Ecumenical Temple.
  8619 | D:8      | Noticed a two-headed ogre
  8623 | D:8      | Killed a two-headed ogre
  8623 | D:8      | Reached skill level 11 in Fighting
  8623 | D:8      | Reached XP level 10. HP: 104/113 MP: 9/12
  9190 | D:8      | Found a staircase to the Lair.
  9289 | D:8      | Noticed Pikel
  9302 | D:8      | Killed Pikel
  9310 | D:8      | Noticed Erica
  9319 | D:8      | Killed Erica
  9319 | D:8      | Reached skill level 12 in Fighting
  9319 | D:8      | Reached skill level 10 in Maces & Flails
  9319 | D:8      | Reached skill level 5 in Invocations
  9347 | D:8      | Reached ** piety under the Shining One
 10041 | D:9      | Found Tocorajueti's General Store.
 10649 | D:9      | Bought a scroll of identify for 28 gold pieces
 10649 | D:9      | Bought a potion of might for 56 gold pieces
 10649 | D:9      | Bought 3 large rocks for 29 gold pieces
 10654 | D:9      | Found a hazy altar of Hepliaklqana.
 10865 | D:9      | Reached XP level 11. HP: 124/124 MP: 15/15
 11180 | D:10     | Entered Level 10 of the Dungeon
 11594 | D:10     | Noticed a two-headed ogre
 11669 | D:10     | Reached skill level 13 in Fighting
 11670 | D:10     | Noticed a cyclops
 12543 | D:10     | Killed a cyclops
 13303 | D:10     | Killed a two-headed ogre
 13425 | D:10     | Reached *** piety under the Shining One
 13618 | D:10     | Noticed Urug
 13628 | D:10     | Killed Urug
 13823 | D:11     | Noticed a two-headed ogre
 13834 | D:11     | Killed a two-headed ogre
 14169 | D:11     | Reached skill level 5 in Dodging
 14331 | D:11     | Reached XP level 12. HP: 98/136 MP: 18/18
 14475 | D:11     | Found a staircase to the Orcish Mines.
 15066 | D:11     | Reached skill level 10 in Invocations
 15625 | Lair:1   | Entered Level 1 of the Lair of Beasts
 15658 | Lair:1   | Learned a level 1 spell: Apportation
 15660 | Lair:1   | Learned a level 1 spell: Summon Butterflies
 15728 | Lair:1   | Noticed Gastronok
 15738 | Lair:1   | Killed Gastronok
 15738 | Lair:1   | Reached skill level 1 in Summonings
 15738 | Lair:1   | Reached skill level 1 in Translocations
 16823 | Lair:2   | Noticed an eight-headed hydra
 16830 | Lair:2   | Killed an eight-headed hydra
 17215 | Lair:2   | Found a staircase to the Shoals.
 18081 | Lair:2   | Reached skill level 14 in Fighting
 18196 | Lair:2   | Reached XP level 13. HP: 90/146 MP: 17/21
 18913 | Lair:3   | Gained mutation: Your magical capacity is low. (-10% MP) [potion of mutation]
 18913 | Lair:3   | Gained mutation: You occasionally shout uncontrollably at your foes. [potion of mutation]
 18913 | Lair:3   | Gained mutation: You possess an exceptional clarity of mind. [potion of mutation]
 18913 | Lair:3   | Gained mutation: You are resistant to hostile enchantments. (MR+) [potion of mutation]
 19810 | Lair:3   | Reached skill level 15 in Fighting
 21436 | Lair:4   | Noticed Josephine
 21450 | Lair:4   | Killed Josephine
 21490 | Lair:4   | Found a labyrinth entrance.
 21499 | Lab      | Entered a labyrinth
 21886 | Lab      | Noticed a minotaur
 21893 | Lab      | Killed a minotaur
 21903 | Lab      | Got an ebony quick blade
 21906 | Lab      | Identified the cursed +1 quick blade of Somewhere Else {flame, SInv} (You found it in a labyrinth)
 21973 | Lair:4   | Reached skill level 16 in Fighting
 22492 | Lair:4   | Noticed Kirke
 22499 | Lair:4   | Killed Kirke
 22561 | Lair:4   | Reached XP level 14. HP: 61/163 MP: 21/21
 23255 | Lair:4   | Found a staircase to the Snake Pit.
 24703 | Lair:6   | Entered Level 6 of the Lair of Beasts
 24721 | Lair:6   | Reached skill level 5 in Throwing
 24727 | Lair:6   | Paralysed by a hornet for 2 turns
 24818 | Lair:6   | HP: 7/163 [elephant (15)]
 24818 | Lair:6   | The Shining One protects you from harm!
 24819 | Lair:6   | Slain by an elephant

Vault maps used:
D:1:      eino_arrival_water_cross
D:2:      fedhas_altar_3, kiku_gazebo_pond_becter, nicolae_ru_awakened_eye
D:3:      good_gods_temple_1, lemuel_doored_altar, first_ration
D:4:      led_sif_pool
D:5:      kennysheep_flooded_box, kennysheep_generic_room_12
D:6:      gammafunk_temple_overflow_pools, uniq_sigmund, uniq_menkaure
D:7:      lemuel_upstairs_altar, temple_fountains, grunt_ogre_cave
D:8:      erik_lair_island, uniq_erica, uniq_pikel
D:9:      nicolae_overflow_crystal_walls, serial_shops, shop
D:10:     cheibrodos_two_vegetables, uniq_urug
D:11:     erik_orc_3
Lair:1:   fungi_pond_lemuel, minivault_25, patterned_corridor,
          grunt_megastairs_5, lemuel_fruit_fields, uniq_gastronok
Lair:2:   minmay_shoals_entry_hut
Lair:3:   regret_index_tunnel_blossom, serial_bayou_pond_b, beast_lair_carwin_8
Lair:4:   minmay_snake_entry_guardpost_small, lab_entry_generic,
          beast_lair_carwin_7, grunt_megastairs_3, uniq_josephine, uniq_kirke
Lair:5:   lemuel_fruit_fields, serial_bayou_shore_b
Lair:6:   gammafunk_lair_ancient_temple, minmay_slime_entry_pillars,
          portal_ice_cave_entry_imps, bobbens_ice_dragon_lair,
          minmay_lair_oklob_chamber
Lab:      nicolae_lab_x, nicolae_lab_swirl, nicolae_lab_statue,
          nicolae_lab_big_swirl, nicolae_lab_plus, labyrinth_skeletal_remains,
          nicolae_lab_blocks, lab_block, nicolae_lab_stuck, nicolae_lab_grate_2,
          nicolae_lab_do_over

Skill      XL: |  1  2  3  4  5  6  7  8  9 10 11 12 13 14 |
---------------+-------------------------------------------+-----
Fighting       | 3 4 5 6 7 9 11 12 13 14 16 | 16.5
Maces & Flails | 1 2 4 5 7 9 10 11 | 11.5
Dodging        | 2 3 5 7 |  7.0
Invocations    | 2 6 9 11 13 | 13.8
Summonings     | 3 |  3.0
Translocations | 3 |  3.0
Throwing       | 5 |  5.5
Stealth        | |  0.6

Action                   |  1- 3 |  4- 6 |  7- 9 | 10-12 | 13-15 || total
-------------------------+-------+-------+-------+-------+-------++-------
Melee: Short sword       |    20 |       |       |       |       ||    20
       Club              |   137 |   177 |       |       |       ||   314
       Giant club        |       |    15 |    47 |       |       ||    62
       Giant spiked club |       |       |   108 |   477 |   321 ||   906
Throw: Large rock        |    14 |    21 |    25 |    15 |    33 ||   108
       Throwing net      |     2 |       |     1 |       |       ||     3
 Cast: Summon Butterflie |       |       |       |       |     1 ||     1
Invok: Divine Shield     |       |       |       |    10 |     9 ||    19
Evoke: Wand              |       |       |       |    19 |    14 ||    33
  Use: Potion            |     2 |     1 |     2 |     7 |     4 ||    16
       Scroll            |       |    12 |     3 |     9 |     6 ||    30
 Stab: Sleeping          |     3 |     1 |       |       |       ||     4
  Eat: Chunk             |     3 |     5 |     9 |    10 |    13 ||    40
       Ration            |       |     2 |     1 |     7 |     4 ||    14
Armor: Robe              |    62 |    77 |    76 |   218 |   122 ||   555
       Skin              |       |       |       |     2 |       ||     2
Dodge: Dodged            |    99 |   145 |   120 |   369 |   239 ||   972
Block: Other             |       |       |       |    71 |   116 ||   187

Table legend:
 A = Spawn XP
 B = Non-spawn XP
 C = Spawn XP percentage of total XP
 D = Spawn monster count
 E = Non-spawn monster count
 F = Spawn count percentage of total count
 G = Total turns spent on level
                    A         B        C        D         E        F      G
               +---------+---------+-------+---------+---------+-------+---------
         Total |       0 |   62741 |   0.0 |       0 |     449 |   0.0 | 24819
               +---------+---------+-------+---------+---------+-------+---------
           D:1 |       0 |      62 |   0.0 |       0 |      29 |   0.0 |  1413
           D:2 |       0 |      25 |   0.0 |       0 |       8 |   0.0 |  1296
           D:3 |       0 |     113 |   0.0 |       0 |      23 |   0.0 |  1732
           D:4 |       0 |     595 |   0.0 |       0 |      15 |   0.0 |  1048
           D:5 |       0 |     531 |   0.0 |       0 |      22 |   0.0 |   474
           D:6 |       0 |    1157 |   0.0 |       0 |      26 |   0.0 |  1805
           D:7 |       0 |    1460 |   0.0 |       0 |      21 |   0.0 |   880
           D:8 |       0 |    4840 |   0.0 |       0 |      47 |   0.0 |  1768
           D:9 |       0 |     854 |   0.0 |       0 |      16 |   0.0 |  1562
          D:10 |       0 |    6723 |   0.0 |       0 |      55 |   0.0 |  1908
          D:11 |       0 |    5406 |   0.0 |       0 |      36 |   0.0 |  1739
        Lair:1 |       0 |    5041 |   0.0 |       0 |      16 |   0.0 |  1448
        Lair:2 |       0 |    6857 |   0.0 |       0 |      21 |   0.0 |  1967
        Lair:3 |       0 |   10493 |   0.0 |       0 |      64 |   0.0 |  2794
        Lair:4 |       0 |   10516 |   0.0 |       0 |      28 |   0.0 |  1439
        Lair:5 |       0 |    2089 |   0.0 |       0 |       3 |   0.0 |   978
        Lair:6 |       0 |    3923 |   0.0 |       0 |      14 |   0.0 |   116
           Lab |       0 |    2056 |   0.0 |       0 |       5 |   0.0 |   452
               +---------+---------+-------+---------+---------+-------+---------
